 Dungeon Crawl Stone Soup version 0.30-a0-374-g95c0257040 (webtiles) character file.

Game seed: 7349380506251170320

119 NinjaNoafa the Caller (level 4, -1/18 HPs)
             Began as a Felid Summoner on Nov 25, 2022.
             Slain by a kobold
             ... wielding a +0 dagger
              (4 damage)
             ... in a sewer.
             The game lasted 00:05:33 (2794 turns).

NinjaNoafa the Caller (Felid Summoner)              Turns: 2794, Time: 00:05:34

Health: -1/18      AC:  1    Str:  4    XL:     4   Next: 73%
Magic:  4/10       EV: 18    Int: 18    God:
Gold:   132        SH:  0    Dex: 22    Spells: 7/10 levels left
                                        Lives:  0   Deaths: 1

rFire   . . .      SeeInvis +    (weapon unavailable)
rCold   . . .      Faith    +    (shield unavailable)
rNeg    . . .      Spirit   .    (body armour unavailable)
rPois   .          Reflect  .    (helmet unavailable)
rElec   .          Harm     .    (cloak unavailable)
rCorr   .          Rampage  .    (gloves unavailable)
Will    .....                    (boots unavailable)
Stlth   +++.......               e - amulet of faith
HPRegen 0.23/turn                n - +6 ring of dexterity
MPRegen 0.12/turn                (no ring)

@: quick
A: very small, claws 1, fangs 3, see invisible, speed 1, shaggy fur 1, stealthy
paws, no weapons or thrown items, no armour, multi-lived
a: no special abilities


You were in a sewer.
You visited 1 branch of the dungeon, and saw 3 of its levels.
You also visited: Sewer.

You collected 132 gold pieces.

Inventory:

Jewellery
 e - an amulet of faith (around neck)
 n - a +6 ring of dexterity (left paw)
Scrolls
 b - a scroll of fog {unknown}
 c - a scroll of identify
 g - a scroll of fear {unknown}
 h - a scroll of teleportation
 o - a scroll of summoning {unknown}
 p - a scroll of immolation {unknown}
Potions
 a - a potion of magic
 d - a potion of degeneration {unknown}
 f - 5 potions of curing
 i - 4 potions of heal wounds
 j - a potion of resistance {unknown}
 k - a potion of berserk rage {unknown}
 l - a potion of invisibility {unknown}
 m - a potion of might {unknown}
 q - 2 potions of flight


   Skills:
 - Level 2.6 Dodging
 - Level 2.6 Stealth
 + Level 3.9 Spellcasting
 + Level 5.4 Summonings


You had 7 spell levels left.
You knew the following spells:

 Your Spells              Type           Power      Damage    Failure   Level
a - Summon Small Mammal   Summ           92%        N/A       1%          1
b - Call Imp              Summ           23%        N/A       2%          2

Your spell library contained the following spells:

 Spells                   Type           Power      Damage    Failure   Level
 Call Canine Familiar     Summ           23%        N/A       4%          3
 Summon Guardian Golem    Hex/Summ       13%        N/A       14%         3
 Summon Lightning Spire   Summ/Air       13%        N/A       43%         4


Dungeon Overview and Level Annotations

Branches:
Dungeon (3/15)              Sewer (1/1)

Altars:


Innate Abilities, Weirdness & Mutations

You have sharp claws.
You have razor-sharp teeth.
You have supernaturally acute eyesight. (SInv)
You cover ground quickly. (Speed+)
You are covered in fur. (AC +1)
Your paws help you pounce on unaware monsters.
You are incapable of wielding weapons or throwing items.
You cannot wear armour.
You gain extra lives every three experience levels.


Message History

You feel strangely unstable.
Your bat hits the kobold brigand but does no damage.
Your bat barely misses the kobold brigand.
The kobold brigand closely misses your white imp.
The kobold brigand hits you with a +0 whip of holy wrath!
Ouch! That really hurt!
Your white imp gestures at the kobold brigand.
The puff of frost hits the kobold brigand!
The kobold brigand dies!
Your bat closely misses the kobold brigand.
Welcome back to level 4!
You swap places.
The kobold brigand hits you with a +0 whip of holy wrath.
* * * LOW HITPOINT WARNING * * *
You swap places.
Your white imp hits the kobold brigand but does no damage.
The kobold brigand closely misses your bat.
The kobold hits your white imp but does no damage.
Your rat bites the kobold brigand but does no damage.
There is a white marble altar of Elyvilon here.
Unknown command.
Press < or > to pray at altars.
Okay, then.
Really renounce your faith, foregoing its fabulous benefits?
Are you sure?
You have lost your religion!
Your white imp closely misses the kobold brigand.
The kobold brigand hits your bat but does no damage.
The kobold hits your white imp with a +0 short sword.
Your rat bites the kobold brigand but does no damage.
You swap places.
The kobold hits your white imp with a +0 short sword.
The kobold brigand misses you.
You swap places.
Your surroundings seem slightly different.
The jackal misses you.
Your white imp hits the kobold.
Your white imp freezes the kobold.
The kobold dies!
The kobold hits you with a +0 dagger.
You die... ##### #### #§rb# ..... #5K### KKh~.

##)KK# K..~≈~
##@h####....~.
#.#..#.5K...#
#####.# ###


You could see a kobold brigand, a jackal, 2 kobolds, a friendly white imp
(summoned) and a friendly rat (summoned).

Vanquished Creatures
  A goblin (D:2)
  A rat (D:3)
2 creatures vanquished.

Vanquished Creatures (collateral kills)
  A kobold brigand (Sewer)
  A gnoll (D:2)
  2 adders
  3 river rats
  2 dart slugs
  3 endoplasms
  A giant cockroach (D:3)
  5 goblins
  5 hobgoblins
  5 quokkas
  A ball python (D:2)
  4 bats
  5 frilled lizards (D:1)
  7 kobolds
  6 rats
51 creatures vanquished.

Grand Total: 53 creatures vanquished

Notes
Turn   | Place    | Note
-------+----------+-------------------------------------------
     0 | D:1      | NinjaNoafa the Felid Summoner began the quest for the Orb.
     0 | D:1      | Reached XP level 1. HP: 7/7 MP: 4/4
     5 | D:1      | Noticed an electric eel
   485 | D:1      | Reached XP level 2. HP: 11/11 MP: 3/6
   877 | D:1      | Found a faded altar of an unknown god.
  1375 | D:2      | Reached XP level 3. HP: 14/14 MP: 6/8
  1382 | D:2      | Learned a level 2 spell: Call Imp
  2666 | D:3      | Reached XP level 4. HP: 18/18 MP: 9/9
  2716 | D:3      | Found a glowing drain.
  2720 | D:3      | Reached skill level 5 in Summonings
  2723 | Sewer    | Entered a sewer
  2750 | Sewer    | Slain by a river rat
  2751 | Sewer    | Reached XP level 3. HP: 0/14 MP: 2/8
  2752 | Sewer    | Found a white marble altar of Elyvilon.
  2766 | Sewer    | Noticed a kobold brigand
  2766 | Sewer    | Noticed a kobold brigand
  2777 | Sewer    | Became a worshipper of Elyvilon the Healer
  2786 | Sewer    | Was placed under penance by Elyvilon
  2789 | Sewer    | Killed a kobold brigand
  2790 | Sewer    | Reached XP level 4. HP: 7/18 MP: 3/10
  2792 | Sewer    | Fell from the grace of Elyvilon
  2794 | Sewer    | Slain by a kobold

Illustrated notes

Levels and vault maps discovered:
D:1:      arrival_aquarium_a, layout_loops_ring,
          chequers_ecumenical_altar_grove, amcnicky_mini_rare_corridor_liquid,
          minmay_lizard_pond
D:2:      layout_basic, solitary_fountain, minmay_door_square,
          kennysheep_generic_room_14
D:3:      layout_basic, gup_sewer_entry_bubbles
Sewer:    sewer_kobolds

Skill      XL: |  1  2  3  4 |
---------------+-------------+-----
Spellcasting   | 3 |  3.9
Summonings     | 5 |  5.4
Dodging        | |  2.6
Stealth        | |  2.6

Action                   |  1- 3 |  4- 6 || total
-------------------------+-------+-------++-------
Melee: Unarmed           |     2 |     1 ||     3
       Bite              |     1 |       ||     1
 Cast: Summon Small Mamm |    67 |    10 ||    77
       Call Imp          |    12 |     6 ||    18
Invok: Renounce Religion |       |     1 ||     1
  Use: Scroll            |     2 |       ||     2
       Potion            |     1 |     1 ||     2
Armor: Skin              |     2 |       ||     2
Dodge: Dodged            |    30 |    23 ||    53

Table legend: (Time is in decaauts)
 A = Elapsed time spent in this place.
 B = Non-inter-level travel time spent in this place.
 C = Inter-level travel time spent in this place.
 D = Time resting spent in this place.
 E = Time spent auto-exploring this place.
 F = Levels seen in this place.
 G = Mean time per level.
                   A        B        C        D        E       F      G
               +--------+--------+--------+--------+--------+-----+--------+
         Total |   2437 |   2417 |     20 |      0 |   1744 |   4 |  609.2 |
       Dungeon |   2372 |   2352 |     20 |      0 |   1733 |   3 |  790.7 |
         Sewer |     65 |     65 |      0 |      0 |     11 |   1 |   65.0 |
               +--------+--------+--------+--------+--------+-----+--------+

Top non-repeatable levels by time:
     D:2: 1085 daAuts
     D:1: 905 daAuts
     D:3: 381 daAuts
   Sewer: 65 daAuts
